 Dungeon Crawl Stone Soup version 0.21.1-1-g345015f (webtiles) character file.

133 LostNumber the Chiller (level 5, 0/49 HPs)
             Began as an Ogre Ice Elementalist on May 21, 2018.
             Was an Initiate of Ashenzari.
             Slain by a small abomination (7 damage)
             ... summoned by miscasting Summon Ice Beast
             ... on level 3 of the Dungeon.
             The game lasted 00:04:26 (1909 turns).

LostNumber the Chiller (Ogre Ice Elementalist)      Turns: 1909, Time: 00:04:27

Health: 0/49       AC:  3    Str: 12    XL:     5   Next: 16%
Magic:  2/10       EV: 10    Int: 17    God:    Ashenzari [......]
Gold:   126        SH:  0    Dex:  9    Spells: 1/10 levels left

rFire    + . .     SeeInvis .   j - +4 spear
rCold    + . .     Gourm    .   (no shield)
rNeg     . . .     Faith    .   a - +0 robe
rPois    +         Spirit   .   (helmet restricted)
rElec    +         Reflect  .   (no cloak)
rCorr    +         Harm     .   (gloves unavailable)
MR       .....                  (boots unavailable)
Stlth    +.........             (no amulet)
HPRegen  0.16/turn              (no ring)
MPRegen  0.12/turn              (no ring)

@: about to teleport, resistant, very slightly contaminated
A: large, unfitting armour, tough skin 1
a: Curse Item, Renounce Religion


You were on level 3 of the Dungeon.
You worshipped Ashenzari.
Ashenzari was noncommittal.
You were not hungry.

You visited 1 branch of the dungeon, and saw 3 of its levels.

You collected 126 gold pieces.

Inventory:

Hand Weapons
 h - a +0 hand axe
 j - a +4 spear (weapon)
Armour
 a - a +0 robe (worn)
Scrolls
 k - a scroll of fear {unknown}
 n - a scroll of fog {unknown}
 o - a scroll of noise {unknown}
Potions
 f - a potion of mutation {unknown}
 g - 2 potions of brilliance
 i - a potion of might {unknown}
 m - 2 potions of flight {unknown}
Books
 b - a book of Frost

   Spells                             Type                      Level
   a - Freeze                         Ice                          1
   b - Throw Frost                    Conjuration/Ice              2
   c - Ozocubu's Armour               Charms/Ice                   3
   d - Throw Icicle                   Conjuration/Ice              4
   e - Summon Ice Beast               Ice/Summoning                4
Comestibles
 c - 6 rations
 d - 2 chunks of flesh


   Skills:
 + Level 2.2 Fighting
 + Level 1.5 Polearms
 - Level 1.7 Dodging
 - Level 1.4 Stealth
 + Level 3.3 Spellcasting
 - Level 0.8 Conjurations
 * Level 1.0 Summonings
 * Level 3.8 Ice Magic


You had one spell level left.
You knew the following spells:

 Your Spells              Type           Power        Failure   Level  Hunger
a - Freeze                Ice            ###.         3%          1    None
b - Summon Ice Beast      Ice/Summ       ##......     52%         4    ####...
c - Throw Icicle          Conj/Ice       ##......     54%         4    ####...


Dungeon Overview and Level Annotations

Branches:
Dungeon (3/15)

Altars:
Ashenzari
Elyvilon

Portals:
Sewer: D:3


Innate Abilities, Weirdness & Mutations

You are too large for most types of armour.
You have tough skin. (AC +1)


Message History

The river rat is moderately wounded.
The river rat bites you.
You are too injured to fight recklessly!
You are too injured to fight recklessly!
Casting: Freeze
Confirm with . or Enter, or press ? or * to list all spells.
The spell is very dangerous to cast!
Continue anyway?
You miscast Summon Ice Beast.
You are very lightly contaminated with residual magic.
A chorus of moans calls out to you! The river rat bites you.
As you read the scroll of teleportation, it crumbles to dust.
You feel strangely unstable. The river rat bites you!
* * * LOW HITPOINT WARNING * * *
The small abomination barely misses you.
Unknown command.
It was a potion of resistance.
You feel protected. The river rat misses you. The small abomination hits you!
You die...

##.#.# ##.#.### .......#
.###.#.# .###K#)# .....#.#
.##.##.# ***###*
.##.##)##############...≈≈*
....)..)......xx@rrrr..≈≈≈*
###.################..≈≈r≈*
#.* *,.r≈≈≈* #.* *,,≈≈≈∩*
#.* ****###* **#.* ,,..*
**##*


You could see 2 small abominations, 2 river rats and 2 rats.

Vanquished Creatures
  2 orc wizards (D:3)
  2 adders
  2 worms (D:2)
  A dart slug (D:3)
  3 leopard geckos
  3 orcs (D:3)
  5 giant cockroaches
  4 goblins
  5 hobgoblins
  4 jackals (D:2)
  3 kobolds
  A bat (D:3)
  2 frilled lizards
  6 rats
43 creatures vanquished.

Notes
Turn   | Place    | Note
-------+----------+-------------------------------------------
     0 | D:1      | LostNumber the Ogre Ice Elementalist began the quest for the Orb.
     0 | D:1      | Reached XP level 1. HP: 16/16 MP: 3/3
   252 | D:1      | Reached XP level 2. HP: 21/26 MP: 3/5
   429 | D:1      | Reached skill level 1 in Fighting
   557 | D:1      | Reached XP level 3. HP: 10/33 MP: 0/7
  1181 | D:2      | Reached skill level 1 in Polearms
  1377 | D:2      | Found a shattered altar of Ashenzari.
  1381 | D:2      | Became a worshipper of Ashenzari the Shackled
  1626 | D:2      | Found a white marble altar of Elyvilon.
  1748 | D:3      | Reached XP level 4. HP: 42/42 MP: 6/8
  1756 | D:3      | Learned a level 4 spell: Summon Ice Beast
  1761 | D:3      | Learned a level 4 spell: Throw Icicle
  1862 | D:3      | Reached skill level 1 in Summonings
  1862 | D:3      | Reached XP level 5. HP: 24/49 MP: 1/9
  1896 | D:3      | Found a glowing drain.
  1907 | D:3      | Noticed a small abomination
  1907 | D:3      | Noticed a small abomination
  1909 | D:3      | Slain by a small abomination

Skill      XL: |  1  2  3  4 |
---------------+-------------+-----
Ice Magic      | 3 |  3.8
Fighting       | 1 2 |  2.2
Polearms       | 1 |  1.5
Spellcasting   | 3 |  3.3
Summonings     | 1 |  1.0
Dodging        | |  1.7
Stealth        | |  1.4
Conjurations   | |  0.8

Action                   |  1- 3 |  4- 6 || total
-------------------------+-------+-------++-------
Melee: Hand axe          |     5 |       ||     5
       Spear             |    65 |    42 ||   107
 Cast: Freeze            |    21 |     9 ||    30
  Use: Scroll            |     3 |     1 ||     4
       Potion            |       |     1 ||     1
 Stab: Sleeping          |     4 |       ||     4
  Eat: Chunk             |     1 |     2 ||     3
Armor: Robe              |    22 |     9 ||    31
Dodge: Dodged            |    35 |    19 ||    54
